 Dungeon Crawl Stone Soup version 0.18-a0-824-g47fe746 (webtiles) character file.

54 JokEr the Insei (level 3, -1/24 HPs)
             Began as an Octopode Transmuter on Dec 17, 2015.
             Slain by a goblin
             ... wielding a +0 dagger
             ... led by Robin
              (3 damage)
             ... on level 3 of the Dungeon.
             The game lasted 00:02:56 (2629 turns).

JokEr the Insei (Octopode Transmuter)               Turns: 2629, Time: 00:02:56

Health: -1/24      AC:  1    Str:  9    XL:     3   Next: 91%
Magic:  6/6        EV: 12    Int: 16    God:
Gold:   77         SH:  0    Dex: 12    Spells: 1 memorised, 5 levels left

rFire  . . .     SeeInvis .       - Unarmed
rCold  . . .     Gourm    .     (no shield)
rNeg   . . .     Faith    .     (helmet restricted)
rPois  .         Spirit   .     (no amulet)
rElec  .         Dismiss  .     (no ring)
rCorr  .         Reflect  .     (no ring)
SustAt .         Harm     .     (no ring)
MR     .....                    (no ring)
Stlth  ++........               (no ring)
                                (no ring)
                                (no ring)
                                (no ring)

@: appendage (expiring), not resistant to hostile enchantments, unstealthy
A: almost no armour, amphibious, 8 rings, constrict 8, tentacle spike 3,
camouflage 1, gelatinous body 1
a: End Transformation


You were on level 3 of the Dungeon.
You were not hungry.
One of your tentacles had a temporary spike.
You visited 1 branch of the dungeon, and saw 3 of its levels.

You collected 77 gold pieces.

Inventory:

Missiles
 a - 12 arrows
Scrolls
 h - 3 scrolls of teleportation
 i - 2 scrolls of remove curse
 n - a scroll of identify
Potions
 e - a potion of mutation {unknown}
 g - 2 potions of lignification {unknown}
 l - a potion of invisibility {unknown}
 m - a potion of degeneration {unknown}
Books
 b - a book of Changes

   Spells                             Type                      Level
   a - Beastly Appendage              Transmutation                1
   b - Sticks to Snakes               Transmutation                2
   c - Spider Form                    Transmutation/Poison         3
   d - Ice Form                       Ice/Transmutation            4
   e - Blade Hands                    Transmutation                5
Comestibles
 c - 2 bread rations
 f - 5 fruits


   Skills:
 + Level 2.1 Fighting
 - Level 2.0 Dodging
 + Level 3.5 Unarmed Combat
 - Level 2.0 Spellcasting
 + Level 3.0 Transmutations


You had 5 spell levels left.
You knew the following spells:

 Your Spells              Type           Power        Failure   Level  Hunger
a - Beastly Appendage     Trmt           ##....       8%          1    #......


Dungeon Overview and Level Annotations

Branches:
Dungeon (3/15)

Altars:

Annotations:
D:3 Robin


Innate Abilities, Weirdness & Mutations

You cannot wear most types of armour.
You are amphibious.
You can wear up to eight rings at the same time.
You can use your tentacles to constrict eight enemies at once.
Your skin changes colour to match your surroundings (Stealth).
Your rubbery body absorbs attacks (AC +1).
One of your tentacles bears a large vicious spike.


Message History

The hobgoblin barely misses you.
The hobgoblin hits you but does no damage.
The goblin hits you but does no damage.
You closely miss the hobgoblin. You grab the hobgoblin.
You pierce the hobgoblin, but do no damage.
The hobgoblin is heavily wounded.
You constrict the hobgoblin, but do no damage.
The goblin barely misses you. Robin hits you from afar with a spear.
The hobgoblin hits you but does no damage.
The hobgoblin barely misses you. The goblin hits you with a dagger.
You tentacle-slap the hobgoblin.
You kill the hobgoblin!
Your transformation is almost over.
The goblin hits you but does no damage. Robin closely misses you.
The hobgoblin hits you with a club. The goblin hits you with a dagger.
* * * LOW HITPOINT WARNING * * *
A goblin comes into view. It is wielding a club.
Robin closely misses you. The hobgoblin closely misses you.
The goblin hits you with a dagger.
You die...

#### ...#
.####..
..gg...#######/
.###...(.......
...g.gg@######.
.##.g.gg#
#........#
........#.#
.#.....##..#
#.#.#. ..#
#.#.#. ..# #
#.#< .# .. ..


You could see Robin, 2 hobgoblins and 5 goblins.

Vanquished Creatures
  An adder (D:2)
  A worm (D:2)
  A ball python (D:1)
  9 bats
  4 giant cockroaches
  7 goblins
  4 hobgoblins
  5 jackals (D:1)
  A giant newt (D:1)
  5 rats
38 creatures vanquished.

Notes
Turn   | Place    | Note
--------------------------------------------------------------
     0 | D:1      | JokEr the Octopode Transmuter began the quest for the Orb.
     0 | D:1      | Reached XP level 1. HP: 13/13 MP: 3/3
   453 | D:1      | Reached XP level 2. HP: 18/18 MP: 5/5
  1187 | D:1      | Reached XP level 3. HP: 23/23 MP: 6/6
  2620 | D:3      | Noticed Robin
  2629 | D:3      | Slain by a goblin

Vault maps used:
D:1:      dpeg_arrival_water_fire
D:3:      lemuel_castle_with_subvaults, johnstein_pakellas_shop, serial_curves,
          eino_curves_01, eino_curves_03, eino_curves_02, minmay_ruptured,
          uniq_robin

Action                   || total
-------------------------++-------
Melee: Unarmed           ||    94
 Cast: Beastly Appendage ||     5
  Use: Scroll            ||     8
 Stab: Sleeping          ||     5
  Eat: Chunk             ||     5
